 Dungeon Crawl Stone Soup version 0.24.0-29-g8ce449bc06 (webtiles) character file.

Game seed: 13515925941447229963, levelgen mode: deterministic

5378 night the Destroyer (level 10, -8/76 HPs)
             Began as a Demonspawn Fire Elementalist on Nov 14, 2019.
             Was a Priest of Vehumet.
             Mangled by a freezing wraith (22 damage)
             ... on level 10 of the Dungeon.
             The game lasted 00:46:09 (12612 turns).

night the Destroyer (Demonspawn Fire Elementalist) Turns: 12612, Time: 00:46:10

Health: -8/76      AC:  8    Str:  8    XL:     10   Next: 39%
Magic:  4/19       EV: 16    Int: 19    God:    Vehumet [***...]
Gold:   841        SH:  9    Dex: 15    Spells: 6/21 levels left

rFire    + . .     SeeInvis .   E - +1 short sword (venom)
rCold    . . .     Gourm    .   S - +2 buckler
rNeg     . . .     Faith    .   a - +1 robe
rPois    +         Spirit   .   (no helmet)
rElec    +         Reflect  +   B - +1 cloak of Starlight {rElec rC+ EV+4 Stlth--}
rCorr    .         Harm     .   p - +0 pair of gloves
MR       .....                  (no boots)
Stlth    ..........             G - +2 amulet of reflection
HPRegen  0.22/turn              n - ring of fire
MPRegen  0.16/turn              A - ring of poison resistance

@: slowed, very slow
A: hooves 2, yellow scales 1, demonic guardian 1
a: Renounce Religion


You were on level 10 of the Dungeon.
You worshipped Vehumet.
Vehumet was most pleased with you.
You were near starving.

You visited 2 branches of the dungeon, and saw 11 of its levels.

You collected 841 gold pieces.

Inventory:

Hand Weapons
 e - a +0 short sword
 j - a +1 dagger of speed
 u - a +0 flail of protection
 E - a +1 short sword of venom (weapon)
 H - a +0 shortbow
 I - a +4 battleaxe
 P - a +0 shortbow of freezing
Missiles
 l - 22 boomerangs
 o - 191 arrows
 r - 12 poisoned darts (quivered)
 x - 43 bolts
 D - a throwing net
Armour
 a - a +1 robe (worn)
 p - a +0 pair of gloves (worn)
 z - a +0 cloak
 B - the +1 cloak of Starlight (worn) {rElec rC+ EV+4 Stlth--}
   (You found it on level 8 of the Dungeon)

   It affects your evasion (+4).
   It protects you from cold.
   It insulates you from electricity.
   It makes you much less stealthy.
 K - a +0 robe of magic resistance
 S - a +2 buckler (worn)
Magical Staves
 b - an uncursed staff of conjuration
Jewellery
 n - a ring of fire (left hand)
 A - a ring of poison resistance (right hand)
 C - an uncursed amulet of rage
 G - a +2 amulet of reflection (around neck)
 N - an uncursed ring of protection from cold
 R - a +6 ring of slaying {unknown}
 U - an uncursed ring of positive energy
 W - an uncursed ring of fire
Wands
 F - a wand of acid (4)
 L - a wand of paralysis (10)
 V - a wand of clouds (2)
Scrolls
 d - 3 scrolls of remove curse
 g - 3 scrolls of blinking
 k - a scroll of fog
 m - 4 scrolls of teleportation
 q - 5 scrolls of enchant armour
 s - 5 scrolls of identify
 y - 2 scrolls of fear
 O - 2 scrolls of enchant weapon
Potions
 f - 3 potions of curing
 h - a potion of haste {unknown}
 i - 5 potions of agility {unknown}
 t - a potion of berserk rage
 v - a potion of resistance {unknown}
 w - a potion of mutation {unknown}
 J - a potion of flight
 M - a potion of might {unknown}
 Q - a potion of cancellation {unknown}
 X - a potion of heal wounds {unknown}
Comestibles
 c - 19 rations


   Skills:
 + Level 6.1 Fighting
 - Level 1.7 Dodging
 - Level 1.7 Stealth
 - Level 4.3 Shields
 - Level 1.8 Unarmed Combat
 + Level 6.4 Spellcasting
 + Level 8.0 Conjurations
 + Level 7.8 Fire Magic


You had 6 spell levels left.
You knew the following spells:

 Your Spells              Type           Power        Failure   Level  Hunger
a - Flame Tongue          Conj/Fire      #####        1%          1    None
b - Throw Flame           Conj/Fire      ######       1%          2    None
c - Conjure Flame         Conj/Fire      ######..     1%          3    ##.....
d - Fireball              Conj/Fire      ######....   3%          5    #####..
e - Sticky Flame          Conj/Fire      ######..     1%          4    ####...

Your spell library contained the following spells:

 Spells                   Type           Power        Failure   Level  Hunger
 Static Discharge         Conj/Air       ###.....     1%          3    ##.....
 Magic Dart               Conj           ####         1%          1    None
 Inner Flame              Hex/Fire       ####....     1%          3    ##.....
 Mephitic Cloud           Conj/Pois/Air  ###.....     3%          3    ##.....
 Summon Small Mammal      Summ           #...         11%         1    None
 Blink                    Tloc           N/A          16%         2    None
 Call Imp                 Summ           #.......     16%         2    None
 Slow                     Hex            #.......     16%         2    None
 Call Canine Familiar     Summ           #.......     32%         3    ##.....
 Summon Guardian Golem    Hex/Summ       #.......     32%         3    ##.....
 Summon Ice Beast         Ice/Summ       #.......     71%         4    ####...
 Summon Lightning Spire   Summ/Air       #.......     71%         4    ####...


Dungeon Overview and Level Annotations

Branches:
Dungeon (10/15)            Temple (1/1) D:4
   Lair: D:8-11         Orc: D:9-12

Altars:
Ashenzari
Cheibriados
Dithmenos
Elyvilon
Fedhas
Gozag
Hepliaklqana
Kikubaaqudgha
Makhleb
Nemelex Xobeh
Okawaru
Qazlal
Ru
Sif Muna
Trog
Uskayaw
Vehumet
Wu Jian
Xom
Yredelemnul
Zin
The Shining One

Annotations:
D:6 2 transporters, night's ghost, novice DDEE


Innate Abilities, Weirdness & Mutations

You have hoof-like feet.
You are partially covered in yellow scales. (AC +2)
A weak demonic guardian rushes to your aid.


Message History

You block the freezing wraith's attack. The freezing wraith hits you!
* * * LOW HITPOINT WARNING * * *
The freezing wraith drains your vigour!
You feel as though you will be slow longer.
You block the orc's attack.
Casting: Flame Tongue (safe; 1% risk of failure)
Confirm with . or Enter, or press ? or * to list all spells.
Aiming: Sticky Flame (safe; 1% risk of failure)
Press: ? - help, Shift-Dir - straight line, f/p - freezing wraith
Aim: a freezing wraith (almost destroyed)
You feel a surge of power!
The sticky flame hits the freezing wraith but does no damage.
The freezing wraith is almost destroyed.
You are near starving!
The freezing wraith barely misses you. The freezing wraith hits you.
* * * LOW HITPOINT WARNING * * *
The orc misses you. The freezing wraith hits you.
* * * LOW HITPOINT WARNING * * *
The freezing wraith freezes you!!
You die...

#.. #.#...#.##'##
#....# #.'...#.#...#
#....#.##.#...#.'...#
#....# ...#.#.#.#...#
#....####'#.#.###...#
#.................#.#
#.#..#..##.....#....#
#....o.....###...#'##
#...@W.##### #...#.##
#.#..#)'.....#...#...
#..#)#.....#.#.#...
......# #####...#.##
#....... #####.##
#...#..# #.##
#....... ####
#.......


You could see a freezing wraith and an orc.

Vanquished Creatures
  Joseph (D:7)
  2 trolls
  A hippogriff (D:10)
  A wyvern (D:8)
  4 orc warriors
  3 ice beasts
  A phantom (D:10)
  5 ogres
  A black bear (D:8)
  4 sky beasts
  3 centaurs
  A crocodile (D:8)
  A big kobold (D:8)
  Blork the orc (D:3)
  6 bullfrogs
  2 scorpions
  3 killer bees (D:8)
  2 electric eels (D:6)
  A bullfrog zombie (D:5)
  5 crimson imps
  A quasit (D:7)
  3 orc priests
  A centaur skeleton (D:9)
  3 bullfrog skeletons
  Crazy Yiuf (D:4)
  3 hounds
  4 orc wizards
  An iguana (D:4)
  7 worker ants
  A hound skeleton (D:3)
  Robin (D:2)
  A howler monkey zombie (D:10)
  6 gnolls
  11 adders
  A shadow imp (D:9)
  3 oozes
  2 adder skeletons (D:6)
  An adder zombie (D:7)
  4 worms
  3 dart slugs
  3 leopard geckos
  36 orcs
  8 bats
  8 giant cockroaches
  18 goblins
  11 hobgoblins
  8 jackals
  2 quokkas
  2 ball pythons (D:1)
  A jackal zombie (D:5)
  18 kobolds
  2 quokka skeletons (D:8)
  2 quokka zombies (D:6)
  11 rats
236 creatures vanquished.

Vanquished Creatures (collateral kills)
  A sky beast (D:8)
  An orc warrior (D:8)
  A centaur (D:7)
  A big kobold (D:8)
  A bullfrog (D:8)
  A scorpion (D:5)
  2 orcs (D:8)
  A quokka (D:8)
9 creatures vanquished.

Vanquished Creatures (others)
  A fire vortex (D:9)
1 creature vanquished.

Grand Total: 246 creatures vanquished

Notes
Turn   | Place    | Note
-------+----------+-------------------------------------------
     0 | D:1      | night the Demonspawn Fire Elementalist began the quest for
                  | the Orb.
     0 | D:1      | Reached XP level 1. HP: 13/13 MP: 3/3
   350 | D:1      | Gained mutation: You are partially covered in yellow
                  | scales. (AC +2) [demonic ancestry]
   350 | D:1      | Reached XP level 2. HP: 19/19 MP: 3/5
   512 | D:1      | Learned a level 2 spell: Throw Flame
   772 | D:1      | Reached skill level 1 in Unarmed Combat
   898 | D:1      | Reached XP level 3. HP: 24/24 MP: 4/6
  1248 | D:2      | Learned a level 3 spell: Conjure Flame
  1546 | D:2      | Noticed Robin
  1557 | D:2      | Killed Robin
  1557 | D:2      | Reached skill level 2 in Conjurations
  1843 | D:2      | Reached XP level 4. HP: 30/30 MP: 1/7
  2306 | D:2      | Found an ancient bone altar of Kikubaaqudgha.
  2694 | D:3      | Reached XP level 5. HP: 35/35 MP: 3/9
  3325 | D:3      | Noticed an ice beast
  3336 | D:3      | Killed an ice beast
  3336 | D:3      | Reached skill level 1 in Fighting
  3336 | D:3      | Reached skill level 3 in Conjurations
  3336 | D:3      | Gained mutation: A weak demonic guardian rushes to your
                  | aid. [demonic ancestry]
  3336 | D:3      | Reached XP level 6. HP: 2/43 MP: 1/11
  3833 | D:3      | Noticed Blork the orc
  3846 | D:3      | Killed Blork the orc
  3904 | D:3      | Found a shimmering blue altar of Sif Muna.
  4195 | D:3      | Found an iron altar of Okawaru.
  4566 | D:4      | Found a staircase to the Ecumenical Temple.
  4859 | Temple   | Entered the Ecumenical Temple
  5046 | Temple   | Became a worshipper of Vehumet
  5273 | D:4      | Found a runed translucent door.
  5274 | D:4      | Noticed Crazy Yiuf
  5280 | D:4      | Killed Crazy Yiuf
  5280 | D:4      | Reached XP level 7. HP: 51/51 MP: 9/12
  5495 | D:5      | Entered Level 5 of the Dungeon
  5949 | D:5      | Reached skill level 4 in Conjurations
  6639 | D:6      | Found a transporter.
  6642 | D:6      | Found a transporter.
  6643 | D:6      | Noticed night's ghost (novice DDEE)
  6644 | D:6      | Noticed a hornet
  6821 | D:6      | Reached skill level 5 in Fire Magic
  6821 | D:6      | Gained mutation: You have large cloven feet. [demonic
                  | ancestry]
  6821 | D:6      | Reached XP level 8. HP: 59/59 MP: 8/14
  6941 | D:6      | Reached * piety under Vehumet
  6941 | D:6      | Offered knowledge of Sandblast by Vehumet.
  7182 | D:6      | Reached skill level 5 in Conjurations
  7428 | D:6      | Reached skill level 5 in Spellcasting
  7435 | D:6      | Learned a level 5 spell: Fireball
  7440 | D:6      | Learned a level 4 spell: Sticky Flame
  8309 | D:7      | You fall into a shaft and drop 1 floor!
  8498 | D:8      | Reached skill level 6 in Conjurations
  8500 | D:8      | Reached XP level 9. HP: 62/67 MP: 6/17
  8604 | D:8      | Reached skill level 5 in Fighting
  8607 | D:8      | Reached ** piety under Vehumet
  8610 | D:8      | Offered knowledge of Searing Ray by Vehumet.
  9060 | D:8      | Found the +1 cloak of Starlight {rElec rC+ EV+4 Stlth--}
  9318 | D:8      | Reached skill level 7 in Conjurations
  9871 | D:7      | Found a basalt altar of Yredelemnul.
 10292 | D:7      | Noticed Joseph
 10307 | D:7      | Killed Joseph
 11072 | D:9      | Offered knowledge of Static Discharge by Vehumet.
 11082 | D:9      | Gained mutation: You have hoof-like feet. [demonic
                  | ancestry]
 11082 | D:9      | Reached XP level 10. HP: 66/76 MP: 13/19
 11301 | D:9      | Reached skill level 1 in Shields
 11360 | D:9      | Reached *** piety under Vehumet
 11627 | D:9      | Noticed a centaur warrior
 11895 | D:9      | Noticed a tengu warrior
 11985 | D:10     | Entered Level 10 of the Dungeon
 12514 | D:10     | Reached skill level 8 in Conjurations
 12612 | D:10     | Mangled by a freezing wraith

Levels and vault maps discovered:
D:1:      nicolae_arrival_memento_mori, layout_basic, skrybe_limestone_x
D:2:      layout_rooms, old_standard_altar, uniq_robin
D:3:      cheibrodos_old_hovel, layout_rooms, tgw_sif, okawaru_altar_gauntlet_db
D:4:      layout_cave_pools, temple_fountains, uniq_crazy_yiuf_cottage
D:5:      layout_rooms, first_ration
D:6:      minmay_diamond_boxcup, layout_loops_cross, gammafunk_ghost_hive,
          kennysheep_boxes
D:7:      layout_loops_ring, yredelemnul_altar_generic, grunt_ogre_cave,
          kennysheep_big_empty_room, uniq_joseph
D:8:      layout_loops_cross, minmay_chambers_of_fives
D:9:      layout_rooms, minivault_12
D:10:     layout_stronghold, lair_entry_dummy
Temple:   eino_narrow_crystal_temple

Skill      XL: |  1  2  3  4  5  6  7  8  9 10 |
---------------+-------------------------------+-----
Unarmed Combat | 1 |  1.8
Fire Magic     | 3 4 5 6 7 |  7.8
Conjurations   | 2 3 4 6 7 8 |  8.0
Spellcasting   | 3 4 5 6 |  6.4
Fighting       | 1 2 3 4 5 6 |  6.1
Shields        | 4 |  4.3
Dodging        | |  1.7
Stealth        | |  1.7

Action                   |  1- 3 |  4- 6 |  7- 9 | 10-12 || total
-------------------------+-------+-------+-------+-------++-------
Melee: Unarmed           |    12 |       |     8 |       ||    20
       Short sword       |    33 |       |   110 |    41 ||   184
       Punch             |     1 |       |     1 |       ||     2
       Dagger            |       |    75 |   267 |     5 ||   347
       Flail             |       |       |   169 |       ||   169
       Kick              |       |       |    61 |    12 ||    73
       Staff             |       |       |       |     2 ||     2
 Fire: Shortbow          |       |       |     4 |       ||     4
Throw: Dart              |       |       |    24 |       ||    24
       Boomerang         |       |       |     1 |       ||     1
 Cast: Flame Tongue      |    42 |    92 |   137 |    44 ||   315
       Throw Flame       |    16 |    39 |    65 |    20 ||   140
       Conjure Flame     |       |     1 |     1 |     1 ||     3
       Fireball          |       |       |     8 |     5 ||    13
       Sticky Flame      |       |       |     8 |     7 ||    15
Evoke: Wand              |       |     1 |     7 |     2 ||    10
  Use: Scroll            |     4 |     6 |     6 |     1 ||    17
       Potion            |       |     3 |       |       ||     3
 Stab: Paralysed         |       |       |       |     3 ||     3
  Eat: Chunk             |     4 |    13 |    16 |     3 ||    36
       Ration            |       |       |     2 |     1 ||     3
Armor: Robe              |    14 |    34 |   201 |    22 ||   271
Dodge: Dodged            |    35 |    66 |   370 |    33 ||   504
Block: Other             |       |       |     4 |       ||     4
       Buckler           |       |       |     1 |    39 ||    40
       Reflection        |       |       |     1 |     2 ||     3
